 Dungeon Crawl Stone Soup version 0.30-b1-2-g02819fbbbe (webtiles) character file.

Game seed: 11053561380590492618

6 Nobody9876 the Trooper (level 2, -1/24 HPs)
             Began as a Human Berserker on Sept 10, 2023.
             Was a Follower of Trog.
             Slain by a giant cockroach (2 damage)
             ... on level 1 of the Dungeon.
             The game lasted 00:02:34 (135 turns).

Nobody9876 the Trooper (Human Berserker)             Turns: 135, Time: 00:02:35

Health: -1/24      AC:  2    Str: 17    XL:     2   Next: 0%
Magic:  2/2        EV: 12    Int:  7    God:    Trog [*.....]
Gold:   14         SH:  0    Dex: 12    Spells: 1/1 levels left

rFire   . . .        a - +0 hand axe
rCold   . . .        (no shield)
rNeg    . . .        b - +0 animal skin
rPois   .            (no helmet)
rElec   .            (no cloak)
rCorr   .            (no gloves)
SInv    .            (no boots)
Will    .....        (no amulet)
Stlth   +            (no ring)
HPRegen 0.24/turn    (no ring)
MPRegen 0.08/turn

%: no passive effects
@: lethally poisoned (-1 -> -2)
A: no striking features
a: Renounce Religion, Berserk


You were on level 1 of the Dungeon.
You worshipped Trog.
Trog was aware of your devotion.
You visited 1 branch of the dungeon, and saw 1 of its levels.

You collected 14 gold pieces.

Inventory:

Hand Weapons
 a - a +0 hand axe (weapon)
Armour
 b - a +0 animal skin (worn)
Potions
 c - 2 potions of curing {unknown}


   Skills:
 + Level 3.2 Fighting
 + Level 3.1 Axes
 + Level 2.0 Armour
 + Level 2.0 Dodging


You had one spell level left.
You didn't know any spells.
Your spell library was empty.

Dungeon Overview and Level Annotations

Branches:
Dungeon (1/15)

Altars:


Message History

You are poisoned.
You slash the kobold!
You kill the kobold!
Trog accepts your kill.
You hit the giant cockroach but do no damage.
You feel very sick.
The giant cockroach bites you but does no damage.
The giant cockroach misses you.
You hit the goblin but do no damage. You hit the giant cockroach.
You feel sick. The giant cockroach closely misses you.
The goblin hits you with a +0 club.
You hit the goblin.
The goblin is moderately wounded.
You closely miss the giant cockroach.
You feel sick. The giant cockroach barely misses you.
The goblin hits you with a +0 club.
You barely miss the goblin.
The goblin is moderately wounded.
You closely miss the giant cockroach.
You feel sick. The giant cockroach bites you.
* * * LOW HITPOINT WARNING * * *
The goblin hits you with a +0 club.
* * * LOW HITPOINT WARNING * * *
The giant cockroach barely misses you.
You hit the goblin.
You kill the goblin!
Trog accepts your kill.
You barely miss the giant cockroach.
* * * LOW HITPOINT WARNING * * *
You feel sick.
The giant cockroach bites you but does no damage.
You have reached level 2!
* * * LOW HITPOINT WARNING * * *
You feel sick.
Items here: )) ††.
You closely miss the giant cockroach.
The giant cockroach is heavily wounded.
* * * LOW HITPOINT WARNING * * *
You feel sick. The giant cockroach closely misses you.
The giant cockroach bites you.
You die...

..........#
#..>.....# ##
##........##
...#...r.?....#
............#
#........#
#?.##..###
##.##....#
#.@B....#
####....#
#....# ##
#....# ..#
#....#####...
#....##.....
#)......#
####....+
#....#


You could see a giant cockroach and a rat.

Vanquished Creatures
  A ball python (D:1)
  A goblin (D:1)
  A kobold (D:1)
  A frilled lizard (D:1)
  2 rats (D:1)
6 creatures vanquished.

Notes
Turn   | Place    | Note
-------+----------+-------------------------------------------
     0 | D:1      | Nobody9876 the Human Berserker began the quest for the Orb.
     0 | D:1      | Reached XP level 1. HP: 18/18 MP: 1/1
   134 | D:1      | Reached XP level 2. HP: 2/24 MP: 2/2
   134 | D:1      | HP: 1/24 [poisoned by a kobold]
   135 | D:1      | Slain by a giant cockroach

Illustrated notes

Levels and vault maps discovered:
D:1:      kennysheep_arrival_forest, layout_basic,
          hellmonk_ecumenical_altar_slurped_away, serial_rivers,
          chequers_serial_rivers_room_a, chequers_serial_rivers_micro_d,
          chequers_serial_rivers_room_b, chequers_serial_rivers_small_a,
          chequers_serial_rivers_small_3, chequers_serial_rivers_micro_b,
          st_stairs_5, minmay_bisected

Action                     || total
---------------------------++-------
  Melee: Hand axe          ||    15
    Use: Scroll            ||     1
 Armour: Animal skin       ||     8
  Dodge: Dodged            ||    12
